 Dungeon Crawl Stone Soup version 0.28.0-53-g5a82cb258f (webtiles) character file.

Game seed: 10766045064995405326

9122 Gabide the Nimble (level 11, 0/89 HPs)
             Began as a Gnoll Monk on July 4, 2022.
             Was a High Priest of Dithmenos.
             Slain by a wyvern (7 damage)
             ... while petrified by a basilisk
             ... on level 9 of the Dungeon.
             The game lasted 00:24:06 (10571 turns).

Gabide the Nimble (Gnoll Monk)                     Turns: 10571, Time: 00:24:06

Health: 0/89       AC: 15    Str: 15    XL:     11   Next: 41%
Magic:  1/11       EV:  2    Int: 10    God:    Dithmenos [*****.]
Gold:   519        SH:  0    Dex: 18    Spells: 9/22 levels left

rFire   + . .      SeeInvis .   y - +0 spear (venom)
rCold   + . .      Faith    .   (no shield)
rNeg    + + +      Spirit   .   x - +0 ring mail of Omission {rPois rC+ Regen+ MP-9}
rPois   ∞          Reflect  .   o - +2 helmet
rElec   .          Harm     .   c - +2 cloak
rCorr   .          Rampage  .   (no gloves)
Will    .....                   A - +1 pair of boots
Stlth   +++++.....              (no amulet)
HPRegen 1.04/turn               E - ring "Bodim" {rF+ Str+4 Slay+4}
MPRegen 0.12/turn               F - ring of wizardry

@: lethally poisoned (0 -> 0), petrified, wereblooded, wreathed by umbra
A: fangs 1, strong nose, distributed training
a: Renounce Religion, Shadow Step, Shadow Form


You were on level 9 of the Dungeon.
You worshipped Dithmenos.
Dithmenos was extremely pleased with you.
You visited 2 branches of the dungeon, and saw 11 of its levels.

You collected 558 gold pieces.
You spent 39 gold pieces at shops.

Inventory:

Hand Weapons
 a - a +1 spear of freezing
 y - a +0 spear of venom (weapon)
Missiles
 s - a throwing net
 t - a boomerang (quivered)
 C - 3 javelins
Armour
 c - a +2 cloak (worn)
 o - a +2 helmet (worn)
 x - the +0 ring mail of Omission (worn) {rPois rC+ Regen+ MP-9}
   (You found it on level 5 of the Dungeon)

   rC:        It protects you from cold.
   rPois:     It protects you from poison.
   MP:        It affects your magic capacity (-9).
   Regen:     It increases your rate of health regeneration.
 z - a +2 robe of willpower
 A - a +1 pair of boots (worn)
Jewellery
 E - the ring "Bodim" (left hand) {rF+ Str+4 Slay+4}
   (You acquired it on level 8 of the Dungeon)

   [ring of slaying]

   Str:       It affects your strength (+4).
   Slay:      It affects your accuracy & damage with ranged weapons and melee
   (+4).
   rF:        It protects you from fire.
 F - a ring of wizardry (right hand)
Wands
 i - a wand of acid (8)
 j - a wand of digging (2)
 p - a wand of iceblast (23)
 u - a wand of polymorph (7)
Scrolls
 d - a scroll of silence
 e - a scroll of holy word
 g - 3 scrolls of teleportation
 k - a scroll of blinking
 l - 4 scrolls of immolation
 m - a scroll of magic mapping
 n - 2 scrolls of amnesia
 B - a scroll of fog
 D - 3 scrolls of enchant weapon
 H - a scroll of brand weapon {unknown}
Potions
 b - a potion of attraction
 f - 2 potions of heal wounds
 h - 2 potions of degeneration
 q - 3 potions of lignification
 r - 2 potions of curing
 v - 2 potions of haste
 w - a potion of brilliance
 G - a potion of magic
 I - a potion of berserk rage


   Skills:
 + Level 9.2 Fighting
 + Level 6.2 Short Blades
 + Level 6.2 Long Blades
 + Level 6.2 Axes
 + Level 6.2 Maces & Flails
 + Level 9.2 Polearms
 + Level 6.2 Staves
 + Level 6.2 Slings
 + Level 6.2 Bows
 + Level 6.2 Crossbows
 + Level 6.2 Throwing
 + Level 6.2 Armour
 + Level 9.2 Dodging
 + Level 7.6 Stealth
 + Level 6.2 Shields
 + Level 6.2 Unarmed Combat
 + Level 6.2 Spellcasting
 + Level 5.2 Conjurations
 + Level 5.2 Hexes
 + Level 5.2 Summonings
 + Level 5.2 Necromancy
 + Level 5.2 Translocations
 + Level 5.2 Transmutations
 + Level 5.2 Fire Magic
 + Level 5.2 Ice Magic
 + Level 5.2 Air Magic
 + Level 5.2 Earth Magic
 + Level 5.2 Poison Magic
 + Level 6.9 Invocations
 + Level 6.2 Evocations


You had 9 spell levels left.
You knew the following spells:

 Your Spells              Type           Power      Damage    Failure   Level
a - Mephitic Cloud        Conj/Pois/Air  13%        N/A       5%          3
b - Wereblood             Tmut           13%        N/A       2%          2
c - Ozocubu's Armour      Ice            13%        N/A       5%          3
d - Poisonous Vapours     Pois/Air       26%        N/A       2%          2
e - Ignite Poison         Fire/Tmut/Pois 13%        N/A       5%          3

Your spell library contained the following spells:

 Spells                   Type           Power      Damage    Failure   Level
 Beastly Appendage        Tmut           26%        N/A       1%          1
 Sting                    Tmut/Pois      52%        1d5       1%          1
 Sublimation of Blood     Necr           13%        N/A       2%          2
 Olgreb's Toxic Radiance  Pois           13%        N/A       16%         4
 Alistair's Intoxication  Tmut/Pois      8%         N/A       41%         5
 Freezing Cloud           Conj/Ice/Air   6%         6-21      41%         5
 Metabolic Englaciation   Hex/Ice        6%         N/A       41%         5
 Simulacrum               Ice/Necr       6%         N/A       92%         6
 Summon Hydra             Summ           6%         N/A       100%        7


Dungeon Overview and Level Annotations

Branches:
Dungeon (10/15)            Temple (1/1) D:4            Lair (0/6) D:10
    Orc: D:9-12

Altars:
Ashenzari
Cheibriados
Dithmenos
Elyvilon
Fedhas
Gozag
Hepliaklqana
Kikubaaqudgha
Makhleb
Nemelex Xobeh
Okawaru
Qazlal
Ru
Sif Muna
Trog
Uskayaw
Vehumet
Wu Jian
Xom
Yredelemnul
Zin
The Shining One

Shops:
D:6 (


Innate Abilities, Weirdness & Mutations

You have very sharp teeth.
Your uncanny sense of smell can sniff out nearby items.
Your experience applies equally to all skills.


Message History

The water moccasin bites you but does no damage.
Your icy armour will break if you move.
Continue?
The wyvern bites you. The yak gores you. The water moccasin bites you.
You are poisoned.
The water moccasin poisons you!
The wyvern bites you but does no damage.
The basilisk bites you! The yak gores you but does no damage.
The wyvern completely misses you. The water moccasin closely misses you.
Your limbs are stiffening.
You climb upwards.
Your icy armour cracks and falls away as you move.
You feel very sick.
You have turned to stone.
The basilisk bites you but does no damage.
The wyvern bites you but does no damage.
The water moccasin bites you.
* * * LOW HITPOINT WARNING * * *
The yak gores you.
* * * LOW HITPOINT WARNING * * *
The wyvern bites you but does no damage.
The water moccasin bites you but does no damage.
The basilisk bites you!
* * * LOW HITPOINT WARNING * * *
The yak gores you but does no damage.
The wyvern bites you but does no damage.
The water moccasin bites you but does no damage.
The basilisk bites you.
* * * LOW HITPOINT WARNING * * *
The wyvern bites you but does no damage.
The water moccasin bites you but does no damage.
The yak gores you but does no damage. The wyvern bites you!
* * * LOW HITPOINT WARNING * * *
The basilisk bites you but does no damage.
The water moccasin bites you!
* * * LOW HITPOINT WARNING * * *
The yak gores you!
* * * LOW HITPOINT WARNING * * *
The wyvern bites you!
You die...

###########...........###########
#...........# ### #......[....#
#.( #...........# #.(
#...........# #.. #...........#
#(. #...........# #..
#.....l.....# #(. #.....@S....#
#.. #....lY.....# ###
#...........# #...........#
#...........# #...........#
#...........# #########...#
###⌠#⌠####..#


You could see a yak, a basilisk (poisoned), a water moccasin and a wyvern.

Vanquished Creatures
  A boulder beetle (D:7)
  2 two-headed ogres
  The ghost of kalagan the Thaumaturge, a novice DECj (D:9)
  A troll (D:7)
  A hornet (D:9)
  Sigmund (D:2)
  3 wyverns
  9 yaks
  2 acid dragons (D:9)
  3 water moccasins
  An orc warrior (D:7)
  2 black bears (D:6)
  A sky beast (D:8)
  An ice beast (D:6)
  4 ogres
  6 centaurs
  2 kobold brigands
  4 bullfrogs
  2 gnoll sergeants
  2 wyvern zombies
  3 scorpions
  A water moccasin zombie (D:5)
  A water moccasin skeleton (D:5)
  8 wights
  2 electric eels (D:7)
  6 howler monkeys
  2 centaur zombies
  A hound (D:6)
  Crazy Yiuf (D:2)
  2 bullfrog skeletons
  5 orc priests
  A jelly (D:5)
  A centaur skeleton (D:5)
  2 gnoll shamans (D:7)
  Jessica (D:3)
  4 iguanas
  Terence (D:3)
  3 orc wizards
  2 killer bee zombies
  2 howler monkey zombies
  Robin (D:3)
  25 gnolls
  5 adders
  A shadow imp (D:7)
  A white imp (D:6)
  An ufetubus (D:5)
  2 worms
  4 dart slugs
  27 orcs
  9 endoplasms
  6 giant cockroaches
  16 goblins
  7 hobgoblins
  7 jackals (D:2)
  21 kobolds
  3 quokkas
  10 ball pythons
  4 bats
  6 frilled lizards
  5 rats
259 creatures vanquished.

Vanquished Creatures (others)
  A fungus (D:10)
  7 plants (D:10)
8 creatures vanquished.

Grand Total: 267 creatures vanquished

Notes
Turn   | Place    | Note
-------+----------+-------------------------------------------
     0 | D:1      | Gabide the Gnoll Monk began the quest for the Orb.
     0 | D:1      | Reached XP level 1. HP: 23/23 MP: 1/1
   333 | D:1      | Reached XP level 2. HP: 29/29 MP: 2/2
   407 | D:1      | Found a faded altar of an unknown god.
   547 | D:1      | Reached XP level 3. HP: 35/35 MP: 3/3
  1119 | D:1      | Reached skill level 1 in Invocations
  1418 | D:2      | Got the Incunabulum of Mutagenic Cold
  1469 | D:2      | Reached skill level 1 in Short Blades
  1469 | D:2      | Reached skill level 1 in Long Blades
  1469 | D:2      | Reached skill level 1 in Axes
  1469 | D:2      | Reached skill level 1 in Maces & Flails
  1469 | D:2      | Reached skill level 1 in Staves
  1469 | D:2      | Reached skill level 1 in Slings
  1469 | D:2      | Reached skill level 1 in Bows
  1469 | D:2      | Reached skill level 1 in Crossbows
  1469 | D:2      | Reached skill level 1 in Throwing
  1469 | D:2      | Reached skill level 1 in Armour
  1469 | D:2      | Reached skill level 1 in Shields
  1469 | D:2      | Reached skill level 1 in Unarmed Combat
  1469 | D:2      | Reached skill level 1 in Spellcasting
  1469 | D:2      | Reached skill level 1 in Evocations
  1772 | D:2      | Noticed Sigmund
  1787 | D:2      | Killed Sigmund
  1788 | D:2      | Reached skill level 1 in Conjurations
  1788 | D:2      | Reached skill level 1 in Hexes
  1788 | D:2      | Reached skill level 1 in Summonings
  1788 | D:2      | Reached skill level 1 in Necromancy
  1788 | D:2      | Reached skill level 1 in Translocations
  1788 | D:2      | Reached skill level 1 in Transmutations
  1788 | D:2      | Reached skill level 1 in Fire Magic
  1788 | D:2      | Reached skill level 1 in Ice Magic
  1788 | D:2      | Reached skill level 1 in Air Magic
  1788 | D:2      | Reached skill level 1 in Earth Magic
  1788 | D:2      | Reached skill level 1 in Poison Magic
  1788 | D:2      | Reached XP level 4. HP: 41/41 MP: 4/6
  1788 | D:2      | Reached XP level 5. HP: 47/47 MP: 4/7
  1846 | D:2      | Reached XP level 6. HP: 50/53 MP: 8/8
  2561 | D:2      | Found a runed translucent door.
  2562 | D:2      | Noticed Crazy Yiuf
  2822 | D:2      | Killed Crazy Yiuf
  2935 | D:3      | Noticed Jessica
  2948 | D:3      | Killed Jessica
  3342 | D:3      | Noticed Robin
  3366 | D:3      | Killed Robin
  3585 | D:3      | Noticed Terence
  3600 | D:3      | Killed Terence
  3601 | D:3      | Reached XP level 7. HP: 53/59 MP: 10/10
  4331 | D:4      | Identified the +1 leather armour of Eternal Vigilance
                  | {Str-2 Int+7}
  4340 | D:4      | Found a staircase to the Ecumenical Temple.
  4359 | Temple   | Entered the Ecumenical Temple
  4717 | Temple   | Became a worshipper of Dithmenos the Shadowed
  4717 | Temple   | Reached * piety under Dithmenos
  4717 | Temple   | Reached ** piety under Dithmenos
  5486 | D:4      | Reached skill level 5 in Stealth
  6222 | D:5      | Entered Level 5 of the Dungeon
  6265 | D:5      | Reached XP level 8. HP: 63/67 MP: 12/12
  7131 | D:5      | Identified the +0 ring mail of Omission {rPois rC+ Regen+
                  | MP-9}
  7348 | D:5      | You fall into a shaft and drop 2 floors!
  7525 | D:7      | Reached XP level 9. HP: 72/72 MP: 5/14
  7580 | D:7      | Reached *** piety under Dithmenos
  7975 | D:6      | Found Unaod's Weapon Boutique.
  7996 | D:6      | Bought a throwing net for 39 gold pieces
  8695 | D:6      | Reached skill level 5 in Invocations
  9256 | D:7      | Noticed a troll
  9257 | D:7      | Reached **** piety under Dithmenos
  9282 | D:7      | Reached XP level 10. HP: 42/80 MP: 8/17
  9299 | D:7      | Reached skill level 5 in Short Blades
  9299 | D:7      | Reached skill level 5 in Long Blades
  9299 | D:7      | Reached skill level 5 in Axes
  9299 | D:7      | Reached skill level 5 in Maces & Flails
  9299 | D:7      | Reached skill level 5 in Staves
  9299 | D:7      | Reached skill level 5 in Slings
  9299 | D:7      | Reached skill level 5 in Bows
  9299 | D:7      | Reached skill level 5 in Crossbows
  9299 | D:7      | Reached skill level 5 in Throwing
  9299 | D:7      | Reached skill level 5 in Armour
  9299 | D:7      | Reached skill level 5 in Shields
  9299 | D:7      | Reached skill level 5 in Unarmed Combat
  9299 | D:7      | Reached skill level 5 in Spellcasting
  9299 | D:7      | Reached skill level 5 in Evocations
  9393 | D:7      | Noticed a boulder beetle
  9424 | D:7      | Killed a boulder beetle
  9607 | D:8      | Identified a scroll of acquirement
  9608 | D:8      | Acquired the ring "Bodim" {rF+ Str+4 Slay+4}
  9616 | D:8      | Learned a level 3 spell: Mephitic Cloud
  9619 | D:8      | Learned a level 2 spell: Wereblood
  9623 | D:8      | Learned a level 3 spell: Ozocubu's Armour
  9853 | D:8      | Learned a level 2 spell: Poisonous Vapours
  9857 | D:8      | Learned a level 3 spell: Ignite Poison
 10178 | D:9      | Noticed a two-headed ogre
 10217 | D:9      | Killed a two-headed ogre
 10218 | D:9      | Reached XP level 11. HP: 87/87 MP: 10/19
 10249 | D:9      | Reached ***** piety under Dithmenos
 10401 | D:9      | Found a runed translucent gate.
 10401 | D:9      | Found a runed translucent gate.
 10401 | D:9      | Found a runed translucent gate.
 10405 | D:9      | Noticed kalagan's ghost (novice DECj)
 10447 | D:9      | Killed kalagan's ghost
 10448 | D:9      | Reached skill level 5 in Conjurations
 10448 | D:9      | Reached skill level 5 in Hexes
 10448 | D:9      | Reached skill level 5 in Summonings
 10448 | D:9      | Reached skill level 5 in Necromancy
 10448 | D:9      | Reached skill level 5 in Translocations
 10448 | D:9      | Reached skill level 5 in Transmutations
 10448 | D:9      | Reached skill level 5 in Fire Magic
 10448 | D:9      | Reached skill level 5 in Ice Magic
 10448 | D:9      | Reached skill level 5 in Air Magic
 10448 | D:9      | Reached skill level 5 in Earth Magic
 10448 | D:9      | Reached skill level 5 in Poison Magic
 10507 | D:9      | Found a burning altar of Makhleb.
 10536 | D:10     | Entered Level 10 of the Dungeon
 10536 | D:10     | Found a staircase to the Lair.
 10541 | D:10     | Noticed a two-headed ogre
 10560 | D:10     | Noticed a two-headed ogre
 10561 | D:10     | Killed a two-headed ogre
 10571 | D:9      | Slain by a wyvern

Illustrated notes

Levels and vault maps discovered:
D:1:      lordsloth_arrival_two_stooges, layout_basic,
          nicolae_ecumenical_lake_church
D:2:      layout_basic, uniq_crazy_yiuf_cottage, uniq_sigmund
D:3:      layout_rooms, minmay_strange_pillars, chequers_decorated_corner,
          kennysheep_generic_room_4, uniq_robin, uniq_jessica, uniq_terence
D:4:      layout_gridville, minmay_temple_entry_arrows, kennysheep_windowed_goal
D:5:      layout_basic, hangedman_abyss_or_decor_stabs
D:6:      layout_loops_ring, serial_shops, nicolae_shop_stone
D:7:      layout_rooms, minmay_stone_trees_large, nicolae_water_bricks,
          minivault_14, minivault_1, wad_floor_pattern_untrapped,
          grunt_potential
D:8:      layout_cave_pools
D:9:      layout_cross, lightli_temple_of_fire, ebering_ghost_rock_garden
D:10:     layout_rooms, minmay_lair_entry_grove, kennysheep_nub
Temple:   mainiacjoe_temple_starburst

Skill      XL: |  1  2  3  4  5  6  7  8  9 10 11 |
---------------+----------------------------------+-----
Invocations    | 1 2 3 4 5 6 |  6.9
Short Blades   | 1 2 3 4 5 6 |  6.2
Long Blades    | 1 2 3 4 5 6 |  6.2
Axes           | 1 2 3 4 5 6 |  6.2
Maces & Flails | 1 2 3 4 5 6 |  6.2
Staves         | 1 2 3 4 5 6 |  6.2
Slings         | 1 2 3 4 5 6 |  6.2
Bows           | 1 2 3 4 5 6 |  6.2
Crossbows      | 1 2 3 4 5 6 |  6.2
Throwing       | 1 2 3 4 5 6 |  6.2
Armour         | 1 2 3 4 5 6 |  6.2
Shields        | 1 2 3 4 5 6 |  6.2
Unarmed Combat | 1 2 3 4 5 6 |  6.2
Spellcasting   | 1 2 3 4 5 6 |  6.2
Evocations     | 1 2 3 4 5 6 |  6.2
Conjurations   | 1 2 3 4 5 |  5.2
Hexes          | 1 2 3 4 5 |  5.2
Summonings     | 1 2 3 4 5 |  5.2
Necromancy     | 1 2 3 4 5 |  5.2
Translocations | 1 2 3 4 5 |  5.2
Transmutations | 1 2 3 4 5 |  5.2
Fire Magic     | 1 2 3 4 5 |  5.2
Ice Magic      | 1 2 3 4 5 |  5.2
Air Magic      | 1 2 3 4 5 |  5.2
Earth Magic    | 1 2 3 4 5 |  5.2
Poison Magic   | 1 2 3 4 5 |  5.2
Fighting       | 7 8 9 |  9.2
Polearms       | 7 8 9 |  9.2
Dodging        | 7 8 9 |  9.2
Stealth        | 5 6 7 |  7.6

Action                   |  1- 3 |  4- 6 |  7- 9 | 10-12 || total
-------------------------+-------+-------+-------+-------++-------
Melee: Spear             |   189 |   170 |   709 |   269 ||  1337
       Bite              |     9 |    23 |    74 |    35 ||   141
       Punch             |     1 |     3 |    23 |    15 ||    42
Throw: Boomerang         |       |       |       |    14 ||    14
       Javelin           |       |       |       |     3 ||     3
       Throwing net      |       |       |       |     1 ||     1
 Cast: Ozocubu's Armour  |       |       |       |     3 ||     3
       Mephitic Cloud    |       |       |       |     3 ||     3
       Wereblood         |       |       |       |     3 ||     3
Evoke: Wand              |       |     3 |    14 |    11 ||    28
  Use: Potion            |     1 |       |       |     2 ||     3
       Scroll            |       |     5 |    10 |     7 ||    22
 Stab: Sleeping          |     5 |     5 |    13 |     3 ||    26
       Distracted        |       |       |     1 |       ||     1
       Paralysed         |       |       |       |     3 ||     3
Armor: Robe              |     4 |       |       |       ||     4
       Scale mail        |    56 |    37 |    38 |       ||   131
       Ring mail         |       |       |   132 |    87 ||   219
Dodge: Dodged            |    78 |    60 |   373 |   179 ||   690
